 Dungeon Sprint DCSS version 0.27-a0-1051-g288ea87c7c (webtiles) character file.

Game seed: 2294903231727909573

3491 mhtbhm the Scorcher (level 9, 0/45 HPs)
             Began as a Deep Elf Fire Elementalist on Apr 20, 2021.
             Was a High Priest of Vehumet.
             Shot with an arrow by a deep elf archer (29 damage)
             ... in the Dungeon (Sprint V: "Ziggurat Sprint").
             The game lasted 00:02:35 (622 turns).

mhtbhm the Scorcher (Deep Elf Fire Elementalist)     Turns: 622, Time: 00:02:36

Health: 0/45       AC:  9    Str:  6    XL:     9   Next: 80%
Magic:  26/28      EV: 17    Int: 35    God:    Vehumet [*****.]
Gold:   0          SH:  0    Dex: 15    Spells: 19/35 levels left

rFire    + + .     SeeInvis .   C - +8 lance "Wyrmbane" {slay drac, rPois rF+ rC+ AC+3}
rCold    + . .     Faith    .   (no shield)
rNeg     . . .     Spirit   .   a - +1 robe {rF+}
rPois    +         Reflect  .   s - +0 hat
rElec    .         Harm     .   (no cloak)
rCorr    .         Rampage  .   (no gloves)
Will     .....     NoTele   +   v - +2 pair of boots {Stlth+}
Stlth    ++++......             (no amulet)
HPRegen  0.15/turn              x - +6 ring of intelligence
MPRegen  0.21/turn              y - +6 ring of intelligence

@: studying Conjurations
A: no striking features
a: Renounce Religion


You were in the Dungeon.
You worshipped Vehumet.
Vehumet was extremely pleased with you.
You visited 1 branch

Inventory:

Hand Weapons
 C - the +8 lance "Wyrmbane" (weapon) {slay drac, rPois rF+ rC+ AC+3}
   (You found it in the Dungeon)

   It affects your AC (+3).
   It protects you from fire.
   It protects you from cold.
   It protects you from poison.
Armour
 a - a +1 robe of fire resistance (worn)
 s - a +0 hat (worn)
 v - a +2 pair of boots of stealth (worn)
Jewellery
 x - a +6 ring of intelligence (left hand)
 y - a +6 ring of intelligence (right hand)
Wands
 r - a wand of mindburst (7)
 t - a wand of acid (5)
Scrolls
 h - 2 scrolls of blinking
 m - 4 scrolls of amnesia
 n - 7 scrolls of fog
 o - a scroll of holy word
 p - 5 scrolls of identify
 q - 2 scrolls of fear
 u - a scroll of brand weapon
Potions
 b - 2 potions of brilliance
 c - 10 potions of curing
 d - 10 potions of heal wounds
 e - 6 potions of haste
 f - 7 potions of magic
 g - 2 potions of berserk rage
 i - 2 potions of invisibility
 j - 4 potions of resistance
 k - a potion of experience
 l - 5 potions of might
Miscellaneous
 w - a piece from Xom's chessboard (15/15)
 z - a tin of tremorstones (2/2)
 B - a lightning rod (4/4)


   Skills:
 + Level 10.0 Dodging
 - Level 6.8 Stealth
 + Level 13.5 Spellcasting
 + Level 5.6 Conjurations
 + Level 17.1 Fire Magic
 + Level 6.4 Evocations


You had 19 spell levels left.
You knew the following spells:

 Your Spells              Type           Power      Damage    Failure   Level
a - Foxfire               Conj/Fire      100%       2x1d9     0%          1
b - Conjure Flame         Conj/Fire      80%        6-21      1%          3
c - Inner Flame           Hex/Fire       70%        N/A       1%          3
d - Sticky Flame          Conj/Fire      80%        2d9       1%          4
e - Fireball              Conj/Fire      40%        3d16      1%          5

Your spell library contained the following spells:

 Spells                   Type           Power      Damage    Failure   Level
 Sandblast                Erth           46%        2d11      1%          1
 Lightning Bolt           Conj/Air       21%        1d36      4%          5
 Gell's Gravitas          Tloc           11%        N/A       5%          3
 Portal Projectile        Hex/Tloc       46%        N/A       5%          3
 Animate Dead             Necr           11%        N/A       17%         4
 Passage of Golubria      Tloc           N/A        N/A       17%         4
 Alistair's Intoxication  Tmut/Pois      15%        N/A       43%         5
 Borgnjor's Vile Clutch   Necr/Erth      11%        N/A       43%         5
 Manifold Assault         Tloc           23%        N/A       43%         5
 Spellforged Servitor     Conj/Summ      21%        N/A       71%         7
 Death Channel            Necr           11%        N/A       95%         6
 Dispersal                Tloc           11%        N/A       95%         6
 Simulacrum               Ice/Necr       11%        N/A       95%         6
 Disjunction              Tloc           11%        N/A       100%        8


Dungeon Overview and Level Annotations

Branches:
Dungeon (1/1)

Altars:
Ashenzari
Cheibriados
Dithmenos
Elyvilon
Fedhas
Gozag
Hepliaklqana
Kikubaaqudgha
Makhleb
Nemelex Xobeh
Okawaru
Qazlal
Ru
Sif Muna
Trog
Uskayaw
Vehumet
Wu Jian
Xom
Yredelemnul
Zin
The Shining One
Beogh
Jiyva
Lugonu


Message History

The deep elf knight is almost dead.
The fireball engulfs the deep elf archer!!
The deep elf archer is severely wounded.
The fireball engulfs the deep elf knight!!
You kill the deep elf knight!
Vehumet accepts your kill.
You feel your power returning.
The fireball engulfs the deep elf pyromancer!!
The deep elf pyromancer is almost dead.
The deep elf archer casts a spell at you.
You resist with significant effort.
The deep elf knight points at itself and mumbles some strange words.
The deep elf knight flickers and vanishes!
Deactivating autopickup; reactivate with Ctrl-A.
Your Dodging skill increases to level 10!
Your Spellcasting skill increases to level 13!
Your Conjurations skill gained 2 levels and is now at level 5!
Your Fire Magic skill increases to level 17!
Your Evocations skill increases to level 6!
Unknown command.
Casting: Fireball (safe; 1% risk of failure)
Confirm with . or Enter, or press ? or * to list all spells.
Aiming: Fireball (safe; 1% risk of failure)
Press: ? - help, Shift-Dir - straight line The fireball explodes!
The fireball engulfs something!!!
Vehumet accepts your kill.
You feel your power returning.
Reactivating autopickup.
You feel a bit more experienced.
The fireball engulfs the fire elemental.
The fire elemental completely resists.
The fireball engulfs the deep elf pyromancer!!
You kill the deep elf pyromancer!
Vehumet accepts your kill.
You feel your power returning.
The deep elf archer unwields a +0 short sword.
The deep elf archer wields a +0 shortbow.
The deep elf archer shoots an arrow.
The arrow hits you!!
Ouch! That really hurt!
You die...

▓..[e)..▓
▓.○)))..▓
▓..○....▓
▓..E.)..▓
▓.......▓
▓.......▓
▓.......▓
▓...@...▓
▓▓▓▓▓▓▓▓▓


You could see a deep elf archer (repels missiles) and a fire elemental.

Vanquished Creatures
  A dancing weapon (D)
  2 deep elf knights (D)
  A deep elf zephyrmancer (D)
  2 deep elf pyromancers (D)
  2 draconians (D)
  A slime creature (D)
  2 golden eyes (D)
  A naga (D)
  A water moccasin (D)
  An earth elemental (D)
  A jelly (D)
  4 adders (D)
  3 ball pythons (D)
22 creatures vanquished.

Notes
Turn   | Place    | Note
-------+----------+-------------------------------------------
     0 | D        | mhtbhm the Deep Elf Fire Elementalist began the quest for
                  | the Orb.
     0 | D        | Reached XP level 1. HP: 10/10 MP: 6/6
     0 | D        | Found a shimmering blue altar of Sif Muna.
     0 | D        | Found a bloodstained altar of Trog.
     0 | D        | Found a sacrificial altar of Ru.
     0 | D        | Found a stormy altar of Qazlal.
     0 | D        | Found an iron altar of Okawaru.
     1 | D        | Found a sparkling altar of Nemelex Xobeh.
     1 | D        | Found a blossoming altar of Fedhas.
     2 | D        | Found the +6 Majin-Bo {vamp, MP+6 Int+6}
     2 | D        | Found the +9 heavy crossbow "Sniper" {vorpal, Acc+∞ SInv}
     2 | D        | Found the +10 dark maul {vorpal}
     2 | D        | Found the +15 Maxwell's patent armour {-Cast -Tele rElec
                  | Will+ rCorr}
     2 | D        | Found the +18 shield of the Gong {rElec rN+ Will+ EV-5}
     2 | D        | Found the +14 obsidian axe {vorpal, Drain Fly SInv}
     2 | D        | Found the +7 great mace "Firestarter" {inner flame, rF++}
     2 | D        | Found the +6 shillelagh "Devastator" {shatter}
     2 | D        | Found the +11 plutonium sword {Contam Stlth-}
     2 | D        | Found the +8 lance "Wyrmbane" {slay drac, rPois rF+ rC+
                  | AC+3}
     2 | D        | Found the +9 sword of Zonguldrok {reap}
     2 | D        | Found the +13 scythe of Curses {drain, Drain}
     2 | D        | Found the +5 sword of Power {vorpal}
     2 | D        | Found the +7 mace of Variability {chain chaos}
     2 | D        | Found the +7 Singing Sword {vorpal, sonic wave}
     2 | D        | Found the +8 storm bow {elec, penet}
     3 | D        | Found a transporter.
     3 | D        | Found an ancient bone altar of Kikubaaqudgha.
     3 | D        | Found a viscous altar of Jiyva.
     3 | D        | Found a corrupted altar of Lugonu.
     3 | D        | Found a hazy altar of Hepliaklqana.
     3 | D        | Found a burning altar of Makhleb.
     3 | D        | Found an opulent altar of Gozag.
    40 | D        | Became a worshipper of Vehumet
    54 | D        | Entered arena 2.
    54 | D        | Noticed a draconian
    54 | D        | Noticed a draconian
    54 | D        | Found a transporter.
    62 | D        | Killed a draconian
    63 | D        | Reached skill level 5 in Stealth
    63 | D        | Reached skill level 11 in Fire Magic
    63 | D        | Reached XP level 2. HP: 15/15 MP: 7/13
    63 | D        | Reached XP level 3. HP: 19/19 MP: 7/14
    63 | D        | Reached XP level 4. HP: 24/24 MP: 8/16
    63 | D        | Reached XP level 5. HP: 28/28 MP: 8/17
    63 | D        | Reached XP level 6. HP: 32/32 MP: 8/19
    65 | D        | Killed a draconian
    66 | D        | Reached skill level 13 in Fire Magic
    66 | D        | Reached XP level 7. HP: 36/36 MP: 8/22
   238 | D        | Learned a level 3 spell: Conjure Flame
   242 | D        | Learned a level 3 spell: Inner Flame
   247 | D        | Learned a level 4 spell: Sticky Flame
   253 | D        | Learned a level 5 spell: Fireball
   256 | D        | Entered arena 3.
   256 | D        | Noticed a +1 hand axe of venom
   256 | D        | Noticed a deep elf zephyrmancer
   256 | D        | Found a transporter.
   258 | D        | Killed a deep elf zephyrmancer
   258 | D        | Reached * piety under Vehumet
   258 | D        | Offered knowledge of Freeze by Vehumet.
   259 | D        | Reached skill level 10 in Spellcasting
   259 | D        | Reached skill level 14 in Fire Magic
   259 | D        | Reached XP level 8. HP: 41/41 MP: 12/24
   260 | D        | Killed a +1 hand axe of venom
   261 | D        | Reached skill level 15 in Fire Magic
   261 | D        | Reached skill level 5 in Evocations
   312 | D        | Entered arena 4.
   312 | D        | Noticed a slime creature
   312 | D        | Found a transporter.
   313 | D        | Reached ** piety under Vehumet
   314 | D        | Reached XP level 9. HP: 45/45 MP: 20/27
   316 | D        | Reached skill level 16 in Fire Magic
   322 | D        | Got the ring of Autumn {rElec Will+ Int+2 Dex+4}
   400 | D        | Entered arena 5.
   400 | D        | Found a transporter.
   401 | D        | Reached *** piety under Vehumet
   596 | D        | Entered arena 6.
   596 | D        | Found a transporter.
   597 | D        | Offered knowledge of Sandblast by Vehumet.
   597 | D        | Reached **** piety under Vehumet
   603 | D        | Got the Reference Book on Shifting Arcane Weapons
   619 | D        | Entered arena 7.
   619 | D        | Noticed a deep elf archer
   619 | D        | Noticed a deep elf pyromancer
   619 | D        | Noticed a deep elf knight
   619 | D        | Noticed a deep elf pyromancer
   619 | D        | Noticed a deep elf knight
   620 | D        | Found the +1 cloak of Starlight {*Dazzle EV+4 Stlth--}
   621 | D        | Killed a deep elf pyromancer
   621 | D        | Killed a deep elf knight
   621 | D        | Reached ***** piety under Vehumet
   622 | D        | Reached skill level 10 in Dodging
   622 | D        | Reached skill level 5 in Conjurations
   622 | D        | Reached skill level 17 in Fire Magic
   622 | D        | Killed a deep elf knight
   622 | D        | Killed a deep elf pyromancer
   622 | D        | Shot with an arrow by a deep elf archer

Illustrated notes

Levels and vault maps discovered:
D:        sprint_v [room_start, room_1, room_2, room_3, room_4, room_5, room_6,
          room_7, room_8, room_9, room_10, room_11, room_12, room_13, room_14,
          room_15, room_16, room_17, room_18, room_19, room_20, room_21,
          room_22, room_23, room_24, room_25, room_26, room_27]

Skill      XL: |  1  2  3  4  5  6  7  8  9 |
---------------+----------------------------+-----
Dodging        | 6 7 8 9 10 | 10.0
Stealth        | 5 6 |  6.8
Spellcasting   | 8 9 10 12 13 | 13.5
Fire Magic     | 11 13 14 15 17 | 17.1
Evocations     | 3 4 5 6 |  6.4
Conjurations   | 2 3 5 |  5.6

Action                   |  1- 3 |  4- 6 |  7- 9 || total
-------------------------+-------+-------+-------++-------
Melee: Lance             |       |     2 |       ||     2
 Cast: Fireball          |       |       |    13 ||    13
Evoke: Wand              |     6 |       |     3 ||     9
  Use: Scroll            |     2 |       |       ||     2
       Potion            |       |     1 |       ||     1
Armor: Robe              |       |       |     1 ||     1
Dodge: Dodged            |       |     1 |       ||     1

Table legend: (Time is in decaauts)
 A = Elapsed time spent in this place.
 B = Non-inter-level travel time spent in this place.
 C = Inter-level travel time spent in this place.
 D = Time resting spent in this place.
 E = Time spent auto-exploring this place.
 F = Levels seen in this place.
 G = Mean time per level.
                   A        B        C        D        E       F      G
               +--------+--------+--------+--------+--------+-----+--------+
         Total |    627 |    627 |      0 |    429 |      0 |   1 |  627.0 |
       Dungeon |    627 |    627 |      0 |    429 |      0 |   1 |  627.0 |
               +--------+--------+--------+--------+--------+-----+--------+

Top non-repeatable levels by time:
       D: 627 daAuts
